 Dungeon Crawl Stone Soup version 0.32-a0-913-g739538afd8 (webtiles) character file.

Game seed: 15106046808128064454

1540 Fodor the Chopper (level 8, -7/70 HPs)
             Began as a Minotaur Fighter on Apr 7, 2024.
             Killed by divine providence
             ... invoked by Jeremiah
              (15 damage)
             ... on level 6 of the Dungeon.
             The game lasted 00:12:36 (4611 turns).

Fodor the Chopper (Minotaur Fighter)                Turns: 4611, Time: 00:12:36

Health: -7/70      AC: 16    Str: 22    XL:     8   Next: 56%
Magic:  7/7        EV:  9    Int:  5    God:
Gold:   261        SH:  5    Dex: 11    Spells: 7/7 levels left

rFire   + . .        B - +1 flail (heavy)
rCold   . . .        c - +0 buckler
rNeg    . . .        s - +6 scale mail "Tylohe" {rPois}
rPois   +            (helmet restricted)
rElec   .            (no cloak)
rCorr   .            (no gloves)
SInv    +            h - +1 pair of boots
Will    .....        (no amulet) Stlth
                     k - ring of protection from fire
HPRegen 0.31/turn    z - ring of see invisible
MPRegen 0.10/turn

%: no passive effects
@: no status effects
A: horns 2, retaliatory headbutt
a: no special abilities


You were on level 6 of the Dungeon.
You visited 1 branch of the dungeon, and saw 6 of its levels.

You collected 261 gold pieces.

Inventory:

Hand Weapons
 a - a +0 shortbow
 y - a +0 battleaxe
 B - a +1 heavy flail (weapon)
Missiles
 m - 2 throwing nets (quivered)
Armour
 c - a +0 buckler (worn)
 h - a +1 pair of boots (worn)
 i - a +0 chain mail
 s - the +6 scale mail "Tylohe" (worn) {rPois}
   (You found it on level 2 of the Dungeon)

   rPois:     It protects you from poison.
Jewellery
 k - a ring of protection from fire (left hand)
 p - a ring of wizardry
 z - a ring of see invisible (right hand)
Wands
 t - a wand of warping (6)
Scrolls
 b - a scroll of fog
 j - 4 scrolls of vulnerability
 o - 2 scrolls of fear
 v - a scroll of amnesia
 x - a scroll of immolation {unknown}
 A - a scroll of enchant armour {unknown}
 C - a scroll of summoning {unknown}
 D - a scroll of blinking {unknown}
 E - a scroll of teleportation {unknown}
Potions
 d - 4 potions of might
 e - a potion of degeneration {unknown}
 f - a potion of heal wounds {unknown}
 g - a potion of brilliance {unknown}
 l - 2 potions of lignification {unknown}
 n - 2 potions of berserk rage {unknown}
 q - a potion of mutation {unknown}
 u - a potion of curing {unknown}
 w - 3 potions of resistance {unknown}


   Skills:
 + Level 6.2 Fighting
 + Level 7.5(7.9) Axes
 + Level 3.4(5.9) Maces & Flails
 + Level 7.3 Armour
 + Level 2.8 Dodging
 + Level 1.3 Stealth
 + Level 5.5 Shields


You had 7 spell levels left.
You didn't know any spells.
Your spell library contained the following spells:

 Spells                   Type           Power      Damage    Failure   Level
 Apportation              Tloc           0%         N/A       83%         1
 Necrotise                Necr           0%         1d4       83%         1
 Sting                    Conj/Alch      0%         1d3       83%         1
 Summon Small Mammal      Summ           0%         N/A       83%         1
 Ensorcelled Hibernation  Hex/Ice        0%         N/A       92%         2
 Passwall                 Erth           0%         N/A       99%         3
 Swiftness                Air            0%         N/A       99%         3
 Tukima's Dance           Hex            0%         N/A       99%         3
 Dimensional Bullseye     Hex/Tloc       0%         N/A       100%        4
 Iskenderun's Mystic Bla Conj/Tloc 0%             2d3        (+2d1     100%        4


Dungeon Overview and Level Annotations

Branches:
Dungeon (6/15)
 Temple: D:4-7

Altars:
Ashenzari
Hepliaklqana
Sif Muna

Shops:
D:3 :   D:5 :

Annotations:
D:6 Jeremiah


Innate Abilities, Weirdness & Mutations

You have a pair of horns on your head.
You reflexively headbutt those who attack you in melee.


Message History

The orc priest hits you but does no damage.
You hit the orc warrior but do no damage.
The orc priest closely misses you. You furiously retaliate!
You headbutt the orc priest! You block the orc warrior's attack.
The orc priest hits you but does no damage.
You block the orc warrior's attack.
The orc priest hits you but does no damage.
The orc priest shouts, "The Pantheon deserves no one's loyalty.
Let us show you the true path!" The orc priest barely misses you.
As you read the scroll of fear, it crumbles to dust.
You assume a fearsome visage.
The orc warrior looks frightened!
The orc priest looks frightened! x2
The orc warrior weeps quietly.
The orc warrior throws a stone.
You block the stone.
A gnoll comes into view. It is wielding a +0 spear.
The gnoll shouts!
You hear a shout! x2
A gnoll comes into view. It is wielding a +0 club.
Jeremiah, Barachi Dreamer comes into view.
They are wielding a +2 trident of draining and wearing an orb of mayhem.
The orc warrior throws a stone.
The stone hits you but does no damage.
The orc warrior hits you but does no damage.
The orc warrior throws a stone.
You block the stone.
The orc warrior throws a stone.
The stone misses you.
The orc warrior hits you with a +0 glaive.
* * * LOW HITPOINT WARNING * * *
You barely miss the orc warrior. You headbutt the orc warrior!
The orc warrior is moderately wounded.
The orc warrior hits you with a +0 glaive.
* * * LOW HITPOINT WARNING * * *
The orc warrior hits you with a +0 glaive!
* * * LOW HITPOINT WARNING * * *
You bludgeon the orc warrior!!
You kill the orc warrior!
The gnoll hits you but does no damage.
Jeremiah hops!
The gnoll hits you from afar with a +0 spear.
* * * LOW HITPOINT WARNING * * *
The gnoll closely misses you.
Jeremiah shouts, "O dreadful one, destroy my foe!"
Something smites you!
You die...
Jeremiah asks, "Is it over?
Can I wake up now?"

#........#...
######..........#
#.......!......#
#....o.........#
#^...).........#
#.....#####.##.#
##....## #..#.#
#.....# ##.#.#
..o....#
#.#@###..#
..#....#
#####.bg....# #
######
#..b.b.######
...##bbb#
#..bbFb.#
..#####°# #.# #b.
....


You could see Jeremiah and a gnoll.

Vanquished Creatures
  Grinder (D:3)
  Edmund (D:4)
  A water moccasin (D:5)
  An orc warrior (D:6)
  2 ice beasts
  An ogre (D:5)
  A centaur (D:5)
  3 bombardier beetles
  A gnoll bouda (D:5)
  3 hounds
  A jelly (D:4)
  3 iguanas
  Jessica (D:3)
  Natasha (thrice) (D:4)
  10 adders
  8 gnolls
  2 dart slugs (D:1)
  5 orcs (D:4)
  8 endoplasms
  3 giant cockroaches
  8 goblins
  6 hobgoblins
  4 quokkas
  9 ball pythons
  8 bats
  2 frilled lizards
  11 kobolds
  11 rats
118 creatures vanquished.

Vanquished Creatures (others)
  A hobgoblin (D:3)
1 creature vanquished.

Grand Total: 119 creatures vanquished

Notes
Turn   | Place    | Note
-------+----------+-------------------------------------------
     0 | D:1      | Fodor the Minotaur Fighter began the quest for the Orb.
     0 | D:1      | Reached XP level 1. HP: 19/19 MP: 0/0
   143 | D:1      | Reached XP level 2. HP: 24/27 MP: 1/1
   492 | D:1      | Reached XP level 3. HP: 33/33 MP: 2/2
  1052 | D:2      | Found a faded altar of an unknown god.
  1069 | D:2      | Reached XP level 4. HP: 37/40 MP: 3/3
  1276 | D:3      | Noticed Jessica
  1283 | D:3      | Killed Jessica
  2039 | D:3      | Reached XP level 5. HP: 47/47 MP: 4/4
  2039 | D:3      | Found a hazy altar of Hepliaklqana.
  2049 | D:2      | Identified the +6 scale mail "Tylohe" {rPois}
  2359 | D:3      | Noticed Grinder
  2363 | D:3      | Paralysed by Grinder for 4 turns
  2375 | D:3      | Paralysed by Grinder for 4 turns
  2398 | D:3      | Paralysed by Grinder for 4 turns
  2405 | D:3      | Killed Grinder
  2406 | D:3      | Reached skill level 5 in Axes
  2406 | D:3      | Reached skill level 5 in Armour
  2406 | D:3      | Reached skill level 1 in Dodging
  2406 | D:3      | Reached XP level 6. HP: 15/53 MP: 5/5
  2599 | D:3      | Found Ipylud's Book Shoppe.
  3257 | D:4      | Reached XP level 7. HP: 60/60 MP: 6/6
  3288 | D:4      | Noticed Natasha
  3293 | D:4      | Killed Natasha
  3294 | D:4      | Reached skill level 5 in Fighting
  3353 | D:4      | Noticed Edmund
  3365 | D:4      | Killed Edmund
  3366 | D:4      | Reached skill level 5 in Shields
  3640 | D:4      | Noticed Natasha
  3644 | D:4      | Killed Natasha
  3705 | D:4      | Found a shimmering blue altar of Sif Muna.
  3719 | D:4      | Found a broken altar of Ashenzari.
  3794 | D:4      | Noticed Natasha
  3803 | D:4      | Killed Natasha
  3812 | D:5      | Entered Level 5 of the Dungeon
  3965 | D:5      | Reached skill level 1 in Maces & Flails
  3987 | D:5      | Reached XP level 8. HP: 69/69 MP: 7/7
  4096 | D:5      | Found Gybbumax's Vocational Training.
  4253 | D:5      | Reached skill level 1 in Stealth
  4600 | D:6      | Noticed Jeremiah
  4611 | D:6      | Killed from afar by Jeremiah

Illustrated notes

Levels and vault maps discovered:
D:1:      mrwooster_arrival_arrow, layout_basic, minmay_three_crescents
D:2:      layout_basic, chequers_ecumenical_altar_lobes
D:3:      layout_loops_cross, mainiacjoe_overflow_concentric_impassable,
          serial_shops, nicolae_shop_waterfront, serial_rivers,
          chequers_serial_rivers_small_a, chequers_serial_rivers_micro_e,
          chequers_serial_rivers_marsh, chequers_serial_rivers_marsh,
          uniq_jessica, uniq_grinder
D:4:      nicolae_cairo_tiling_large, layout_basic,
          mainiacjoe_overflow_big_doors, uniq_edmund, uniq_natasha
D:5:      layout_cave_pools, nicolae_shop_vocational
D:6:      layout_rooms, minmay_temple_entry_waves,
          chequers_serial_rivers_large_a, serial_bayou_pond_b, uniq_jeremiah

Skill      XL: |  1  2  3  4  5  6  7  8 |
---------------+-------------------------+-----
Shields        | 4 5 |  5.5
Armour         | 4 5 6 7 |  7.3
Fighting       | 4 5 6 |  6.2
Axes           | 3 4 5 6 7 |  7.5
Dodging        | 1 2 |  2.8
Maces & Flails | 1 3 |  3.4
Stealth        | 1 |  1.3

Action                     |  1- 3 |  4- 6 |  7- 9 || total
---------------------------+-------+-------+-------++-------
  Melee: War axe           |    82 |   101 |    10 ||   193
         Headbutt          |     6 |    15 |    13 ||    34
         Flail             |       |       |    62 ||    62
    Use: Scroll            |     1 |     3 |     4 ||     8
 Armour: Scale mail        |    28 |    58 |   100 ||   186
         Chain mail        |    66 |    61 |       ||   127
  Dodge: Dodged            |    44 |    47 |    73 ||   164
  Block: Buckler           |    20 |    30 |    28 ||    78

Table legend: (Time is in decaauts)
 A = Elapsed time spent in this place.
 B = Non-inter-level travel time spent in this place.
 C = Inter-level travel time spent in this place.
 D = Time resting spent in this place.
 E = Time spent auto-exploring this place.
 F = Levels seen in this place.
 G = Mean time per level.
                   A        B        C        D        E       F      G
               +--------+--------+--------+--------+--------+-----+--------+
         Total |   4732 |   4551 |    181 |    400 |   2646 |   6 |  788.7 |
       Dungeon |   4732 |   4551 |    181 |    400 |   2646 |   6 |  788.7 |
               +--------+--------+--------+--------+--------+-----+--------+

Top non-repeatable levels by time:
     D:3: 1289 daAuts
     D:4: 957 daAuts
     D:1: 936 daAuts
     D:2: 711 daAuts
     D:5: 704 daAuts
     D:6: 133 daAuts
